Map: Catalyseur EC

Players

GUESH - Winner!

  • Race: Terran Terran
  • League: Diamond
  • Spawn Location: 5:00

HoldTheDoor

  • Race: Protoss Protoss
  • League: Diamond
  • Spawn Location: 11:00

VOD

Have the link to the VOD?

Description

Time

  • Played on: July 14, 2018, 1:42 p.m.
  • Length: 2:13
Show
View Real Time Build Order
Export as new Build Order

GUESH Terran - Winner!

Build Orders:  

Get SALT Encoding   

  12  0:00  SCV  
  13  0:13  SCV  
  14  0:17  Supply Depot  
  14  0:25  SCV  
  15  0:39  SCV, Barracks  
  16  0:45  Refinery  
  16  0:51  SCV  
  17  1:03  SCV  
  18  1:15  SCV  
  19  1:27  Marine  
  20  1:33  Orbital Command  
  20  1:39  Barracks, Bunker  
  20  1:45  Marine  
  21  2:07  Refinery  
  22  2:12  Bunker  
Show
View Real Time Build Order
Export as new Build Order

HoldTheDoor Protoss 

Build Orders:  

Get SALT Encoding   

  12  0:00  Probe  
  13  0:12  Probe  
  14  0:21  Pylon  
  14  0:24  Probe  
  15  0:38  Probe  
  15  0:40  Forge  
  16  0:47  Probe  
  16  0:55  Probe  
  17  0:59  Pylon  
  18  1:06  Probe  
  19  1:18  Probe  
  20  1:21  Photon Cannon  
  20  1:26  Pylon  
  20  1:33  Pylon  
  20  1:50  Pylon  
  19  1:58  Pylon  
  19  2:00  Probe  
Tags
 
Add a new tag
Caveats
  • Supply blocks, unpowered buildings, or Contaminate may cause inaccurate times.
  • Supply counts are checked every 10 seconds.